 Dungeon Crawl Stone Soup version 0.21-a0-444-g29a2fec (webtiles) character file.

52 KristoblXynda the Ducker (level 3, -1/19 HPs)
             Began as a Spriggan Chaos Knight on Nov 17, 2017.
             Slain by a hobgoblin
             ... wielding a +0 club
              (6 damage)
             ... on level 2 of the Dungeon.
             The game lasted 00:01:46 (774 turns).

KristoblXynda the Ducker (Spriggan Chaos Knight)     Turns: 774, Time: 00:01:47

Health: -1/19      AC:  4    Str:  8    XL:     3   Next: 60%
Magic:  4/4        EV: 20    Int: 14    God:    Xom [..*...]
Gold:   52         SH:  0    Dex: 15    Spells: 2/2 levels left

rFire    . . .     SeeInvis +   a - +0 short sword (chaos)
rCold    . . .     Gourm    .   (shield restricted)
rNeg     . . .     Faith    .   b - +2 robe
rPois    .         Spirit   .   (helmet restricted)
rElec    .         Reflect  .   (no cloak)
rCorr    .         Harm     .   (gloves unavailable)
MR       .....                  (boots unavailable)
Stlth    ++........             (no amulet)
HPRegen  0.06/turn              (no ring)
MPRegen  0.09/turn              (no ring)

@: very quick
A: unfitting armour, see invisible, herbivore 3, speed 3, slow metabolism 2
a: Renounce Religion


You were on level 2 of the Dungeon.
You worshipped Xom.
You were a toy of Xom.
You were not hungry.

You visited 1 branch of the dungeon, and saw 2 of its levels.

You collected 52 gold pieces.

Inventory:

Hand Weapons
 a - a +0 short sword of chaos (weapon)
Armour
 b - a +2 robe (worn)
Wands
 i - a wand of lightning (6/15)
Scrolls
 d - 2 scrolls of remove curse {unknown}
 f - a scroll of magic mapping {unknown}
 h - a scroll of enchant armour {unknown}
Potions
 e - a potion of flight {unknown}
 g - a potion of degeneration {unknown}
Comestibles
 c - a bread ration


   Skills:
 - Level 2.4 Fighting
 + Level 4.0 Short Blades
 + Level 4.6 Dodging
 + Level 2.9 Stealth


You had 2 spell levels left.
You didn't know any spells.

Dungeon Overview and Level Annotations

Branches:
Dungeon (2/15)

Altars:
Elyvilon

Annotations:
D:2 Robin


Innate Abilities, Weirdness & Mutations

You are very small and have problems with some larger weapons.
You are too small for most types of armour.
You have supernaturally acute eyesight. (SInv)
You are a herbivore.
You cover ground extremely quickly.
You need consume almost no food.


Message History

You hit the hobgoblin.
The hobgoblin is severely wounded.
The hobgoblin completely misses you. The goblin hits you but does no damage.
A goblin comes into view. It is wielding a club.
Unknown command.
The goblin shouts!
You hit the hobgoblin but do no damage.
The hobgoblin is severely wounded.
You hear a shout!
The hobgoblin barely misses you. The goblin misses you.
A goblin comes into view.
You barely miss the hobgoblin.
The hobgoblin is heavily wounded.
The goblin closely misses you. The hobgoblin hits you with a club!
* * * LOW HITPOINT WARNING * * *
You barely miss the hobgoblin.
The hobgoblin is heavily wounded.
The goblin barely misses you. The hobgoblin hits you with a club.
You die...
Xom thinks this is hilarious! ..### ≈≈≈≈... .....# ..... .⌠.## ....# g########...# ggggwgg@g...#

####g####.### #.#
#.##### #.....#
#####.# .#######.####
............####
#############.#......


You could see a worm, Robin, 2 hobgoblins and 6 goblins.

Vanquished Creatures
  An adder (D:2)
  An ooze (D:1)
  2 leopard geckos (D:1)
  A giant cockroach (D:1)
  5 goblins
  5 hobgoblins
  3 ball pythons
  4 bats (D:1)
  3 frilled lizards
  6 kobolds
  6 rats (D:1)
37 creatures vanquished.

Notes
Turn   | Place    | Note
-------+----------+-------------------------------------------
     0 | D:1      | KristoblXynda the Spriggan Chaos Knight began the quest for the Orb.
     0 | D:1      | Reached XP level 1. HP: 11/11 MP: 2/2
    20 | D:1      | Found a white marble altar of Elyvilon.
    34 | D:1      | Reached skill level 1 in Stealth
    83 | D:1      | Reached XP level 2. HP: 16/16 MP: 3/3
   154 | D:1      | XOM: silly message
   425 | D:1      | XOM: divination: detect items
   469 | D:1      | Reached XP level 3. HP: 19/19 MP: 4/4
   499 | D:1      | XOM: divination: detect creatures
   707 | D:2      | XOM: butterfly on damage
   763 | D:2      | Noticed Robin
   774 | D:2      | Slain by a hobgoblin

Vault maps used:
D:1:      minmay_arrival_doors, minmay_hexomino_r4
D:2:      kiku_gazebo_pond_becter, first_bread, uniq_robin

Skill      XL: |  1  2  3 |
---------------+----------+-----
Stealth        | 1 2 |  2.9
Dodging        | 4 |  4.6
Short Blades   | 4 |  4.0
Fighting       | |  2.4

Action                   || total
-------------------------++-------
Melee: Short sword       ||   110
 Stab: Sleeping          ||     7
       Confused          ||     1
       Petrified         ||     1
Armor: Robe              ||    13
Dodge: Dodged            ||    96

Table legend:
 A = Spawn XP
 B = Non-spawn XP
 C = Spawn XP percentage of total XP
 D = Spawn monster count
 E = Non-spawn monster count
 F = Spawn count percentage of total count
 G = Total turns spent on level
                    A         B        C        D         E        F      G
               +---------+---------+-------+---------+---------+-------+---------
         Total |       0 |      75 |   0.0 |       0 |      37 |   0.0 |   774
               +---------+---------+-------+---------+---------+-------+---------
           D:1 |       0 |      50 |   0.0 |       0 |      29 |   0.0 |   656
           D:2 |       0 |      25 |   0.0 |       0 |       8 |   0.0 |   118
               +---------+---------+-------+---------+---------+-------+---------
